 Dungeon Crawl Stone Soup version 0.29-a0-72-g1732ff48e7 (webtiles) character file.

Game seed: 18363267732685394701

33 bande the Covered (level 3, -2/23 HPs)
             Began as a Gargoyle Fighter on Feb 4, 2022.
             Killed by nerve-wracking pain
             ... invoked by Jessica
              (5 damage)
             ... on level 2 of the Dungeon.
             The game lasted 00:02:00 (1281 turns).

bande the Covered (Gargoyle Fighter)                Turns: 1281, Time: 00:02:00

Health: -2/23      AC: 10    Str: 19    XL:     3   Next: 29%
Magic:  3/3        EV:  9    Int:  8    God:
Gold:   70         SH:  4    Dex: 11    Spells: 2/2 levels left

rFire   . . .      SeeInvis .   a - +0 war axe
rCold   . . .      Faith    .   c - +0 buckler
rNeg    + . .      Spirit   .   b - +0 scale mail
rPois   ∞          Reflect  .   (no helmet)
rElec   +          Harm     .   (no cloak)
rCorr   .          Rampage  .   (no gloves)
Will    .....                   (no boots)
Stlth   ..........              (no amulet)
HPRegen 0.07/turn               (no ring)
MPRegen 0.08/turn               (no ring)

@: no status effects
A: sickness immunity, AC +3, negative energy resistance 1, electricity
resistance, torment resistance 1, petrification resistance
a: no special abilities


You were on level 2 of the Dungeon.
You visited 1 branch of the dungeon, and saw 2 of its levels.

You collected 70 gold pieces.

Inventory:

Hand Weapons
 a - a +0 war axe (weapon)
Armour
 b - a +0 scale mail (worn)
 c - a +0 buckler (worn)
Potions
 d - a potion of might
 e - a potion of ambrosia {unknown}
 f - a potion of heal wounds {unknown}
 g - a potion of berserk rage {unknown}


   Skills:
 + Level 3.5 Fighting
 + Level 2.1 Axes
 + Level 4.0 Armour
 + Level 3.6 Shields


You had 2 spell levels left.
You didn't know any spells.
Your spell library contained the following spells:

 Spells                   Type           Power      Damage    Failure   Level
 Foxfire                  Conj/Fire      0%         2x1d4     86%         1
 Conjure Flame            Conj/Fire      0%         6-21      99%         3
 Inner Flame              Hex/Fire       0%         N/A       99%         3
 Flame Wave               Conj/Fire      0%         2d4       100%        4


Dungeon Overview and Level Annotations

Branches:
Dungeon (2/15)

Altars:

Shops:
D:2 (

Annotations:
D:2 Jessica


Innate Abilities, Weirdness & Mutations

You are immune to sickness and miasma.
Your stone body is resilient. (AC +3)
You are immune to poison.
You resist negative energy. (rN+)
You are resistant to electric shocks. (rElec)
You are resistant to unholy torment.
You are immune to petrification.


Message History

Jessica mumbles some strange words.
Jessica seems to speed up.
Jessica shouts, "You're disturbing me!
I'll have to kill you!" Jessica hits you with a +5 club.
You closely miss Jessica.
Jessica is lightly wounded.
Jessica hits you with a +5 club! Jessica hits you but does no damage.
You barely miss Jessica.
Jessica is lightly wounded.
Jessica hits you with a +5 club. Jessica barely misses you.
You barely miss Jessica.
Jessica is lightly wounded.
Jessica barely misses you. Jessica hits you with a +5 club.
You closely miss Jessica.
Jessica is lightly wounded.
Jessica casts a spell at you. Pain shoots through your body!
Jessica barely misses you.
You are too injured to fight recklessly!
You are too injured to fight recklessly!
You are too injured to fight recklessly!
You are too injured to fight recklessly!
You are too injured to fight recklessly!
You are too injured to fight recklessly!
You are too injured to fight recklessly!
You are too injured to fight recklessly!
You are too injured to fight recklessly!
You are too injured to fight recklessly!
Unknown command.
You closely miss Jessica.
Jessica is lightly wounded.
Jessica hits you with a +5 club.
* * * LOW HITPOINT WARNING * * *
Jessica hits you with a +5 club.
* * * LOW HITPOINT WARNING * * *
You slash Jessica!
Jessica is almost dead.
Jessica hits you but does no damage. Jessica gestures at you while chanting.
Pain shoots through your body!
You die...

###########
#.......§.#####
######.....§§.§.§...
...........§§§§@#####
...........§§§§.@...###.
..##.#.......§§.........
..##.#.).....§..#.######
..##.#).........#.#
...#.#..........#.#
...#.#.......[..#.#
...#.#####.####....
.....# #.# #.#.# >..###
#.# #.#


You could see Jessica (fast).

Vanquished Creatures
  An adder (D:2)
  A bat (D:1)
  4 endoplasms
  4 goblins
  3 hobgoblins (D:1)
  5 kobolds
  A ball python (D:2)
  A frilled lizard (D:1)
  2 rats (D:2)
22 creatures vanquished.

Notes
Turn   | Place    | Note
-------+----------+-------------------------------------------
     0 | D:1      | bande the Gargoyle Fighter began the quest for the Orb.
     0 | D:1      | Reached XP level 1. HP: 14/14 MP: 1/1
   278 | D:1      | Reached XP level 2. HP: 19/19 MP: 2/2
  1010 | D:2      | Found Icuzxo's Antique Weapon Emporium.
  1034 | D:2      | Reached skill level 4 in Armour
  1034 | D:2      | Reached XP level 3. HP: 21/23 MP: 3/3
  1266 | D:2      | Noticed Jessica
  1281 | D:2      | Killed from afar by Jessica

Illustrated notes

Levels and vault maps discovered:
D:1:      wander_arrival_desolate, layout_loops_cross, minivault_24,
          nicolae_concentric_dashed_squares_mild
D:2:      layout_loops_ring, serial_shops, nicolae_shop_statue_plus,
          item_on_display_a, uniq_crazy_yiuf_cottage, uniq_sigmund,
          uniq_terence, uniq_jessica

Skill      XL: |  1  2 |
---------------+-------+-----
Axes           | 2 |  2.1
Armour         | 4 |  4.0
Fighting       | |  3.5
Shields        | |  3.6

Action                   || total
-------------------------++-------
Melee: War axe           ||    62
  Use: Scroll            ||     4
Armor: Scale mail        ||    33
Dodge: Dodged            ||    34
Block: Buckler           ||     6

Table legend: (Time is in decaauts)
 A = Elapsed time spent in this place.
 B = Non-inter-level travel time spent in this place.
 C = Inter-level travel time spent in this place.
 D = Time resting spent in this place.
 E = Time spent auto-exploring this place.
 F = Levels seen in this place.
 G = Mean time per level.
                   A        B        C        D        E       F      G
               +--------+--------+--------+--------+--------+-----+--------+
         Total |   1307 |   1290 |     17 |      0 |   1100 |   2 |  653.5 |
       Dungeon |   1307 |   1290 |     17 |      0 |   1100 |   2 |  653.5 |
               +--------+--------+--------+--------+--------+-----+--------+

Top non-repeatable levels by time:
     D:1: 903 daAuts
     D:2: 403 daAuts
